 Dungeon Crawl Stone Soup version 0.30-a0-1112-gfb780f5df6 (webtiles) character file.

Game seed: 3072378002063123774

37 BlueFish the Grasshopper (level 3, 0/24 HPs)
             Began as an Octopode Warper on Apr 19, 2023.
             Slain by an adder (2 damage)
             ... on level 2 of the Dungeon.
             The game lasted 00:02:50 (861 turns).

BlueFish the Grasshopper (Octopode Warper)           Turns: 861, Time: 00:02:52

Health: 0/24       AC:  1    Str:  9 (12) XL:     3   Next: 41%
Magic:  0/6        EV: 13    Int: 13 (15) God:
Gold:   54         SH:  0    Dex: 10 (11) Spells: 2/6 levels left

rFire   . . .      SeeInvis .    f - +0 quarterstaff
rCold   . . .      Faith    .    (shield currently unavailable)
rNeg    . . .      Spirit   +    (helmet restricted)
rPois   .          Reflect  .    m - amulet of guardian spirit
rElec   .          Rampage  .    (no ring)
rCorr   .                        (no ring)
Will    .....                    (no ring)
Stlth   +++                      (no ring)
HPRegen 0.24/turn                (no ring)
MPRegen 0.10/turn                (no ring)
                                 (no ring)
                                 (no ring)

@: brilliant
A: almost no armour, amphibious, 8 rings, camouflage 1, gelatinous body 1,
(nimble swimmer 1), tentacles
a: no special abilities


You were on level 2 of the Dungeon.
You visited 1 branch of the dungeon, and saw 3 of its levels.

You collected 54 gold pieces.

Inventory:

Hand Weapons
 a - a +0 mace
 f - a +0 quarterstaff (weapon)
Missiles
 c - 5 boomerangs of dispersal
 k - 6 stones (quivered)
 o - 2 boomerangs
Jewellery
 e - an amulet of magic regeneration
 m - an amulet of guardian spirit (around mantle)
Scrolls
 b - a scroll of blinking
 d - 4 scrolls of identify {unknown}
 g - a scroll of enchant armour {unknown}
 i - 2 scrolls of vulnerability {unknown}
 l - a scroll of teleportation {unknown}
 p - a scroll of silence {unknown}


   Skills:
 + Level 2.2 Fighting
 - Level 2.0(2.1) Maces & Flails
 + Level 0.7(1.4) Staves
 + Level 1.2 Throwing
 + Level 2.5 Dodging
 * Level 2.1 Stealth
 + Level 2.2 Spellcasting
 + Level 3.1 Translocations


You had 2 spell levels left.
You knew the following spells:

 Your Spells              Type           Power      Damage    Failure   Level
a - Blink                 Tloc           28%        N/A       11%         2
b - Lesser Beckoning      Tloc           28%        N/A       11%         2

Your spell library contained the following spells:

 Spells                   Type           Power      Damage    Failure   Level
 Teleport Other           Tloc           14%        N/A       21%         3
 Vhi's Electric Charge    Tloc/Air       16%        N/A       36%         3
 Manifold Assault         Tloc           14%        N/A       56%         4
 Inner Flame              Hex/Fire       2%         N/A       58%         3
 Yara's Violent Unravell  Hex/Tmut       1%         3d3       100%        5
 Enfeeble                 Hex            1%         N/A       100%        7


Dungeon Overview and Level Annotations

Branches:
Dungeon (3/15)

Altars:


Innate Abilities, Weirdness & Mutations

You cannot wear most types of armour.
You are amphibious.
You can wear up to eight rings at the same time.
Your skin changes colour to match your surroundings (Stealth+).
Your rubbery body absorbs attacks. (AC +1, EV +1)
((You are camouflaged when in or above water. (Stealth+)))
You have tentacles for arms and can constrict up to eight enemies at once.


Message History

You hit the hobgoblin. You grab the hobgoblin.
The hobgoblin is moderately wounded.
You constrict the hobgoblin, but do no damage.
The goblin no longer looks unusually strong. x2
The hobgoblin no longer looks unusually strong.
The hobgoblin barely misses you.
You hit the hobgoblin.
The hobgoblin is almost dead.
You constrict the hobgoblin.
You kill the hobgoblin!
You hit the hobgoblin. You grab the hobgoblin.
The hobgoblin is lightly wounded.
You constrict the hobgoblin, but do no damage.
The hobgoblin closely misses you. The hobgoblin hits you.
* * * LOW HITPOINT WARNING * * *
You barely miss the hobgoblin. You constrict the hobgoblin.
The hobgoblin barely misses you.
You barely miss the hobgoblin.
The hobgoblin is lightly wounded.
You constrict the hobgoblin. The hobgoblin closely misses you.
You barely miss the hobgoblin. You squeeze the hobgoblin.
You kill the hobgoblin!
You closely miss the goblin. Your grab misses the goblin.
The goblin hits you with a +0 dagger.
* * * LOW HITPOINT WARNING * * *
The goblin hits you with a +0 dagger.
* * * LOW HITPOINT WARNING * * *
You barely miss the goblin. Your grab misses the goblin.
The goblin hits you with a +0 dagger.
* * * LOW HITPOINT WARNING * * *
You hit the goblin but do no damage. Your grab misses the goblin.
The goblin closely misses you.
Throw: 6 boomerangs (disperse)
Press: ? - help, Shift-Dir - straight line, f/p - goblin
Aim: a goblin, wielding a +0 club (47% to hit)
You throw a boomerang of dispersal.
The boomerang of dispersal hits the goblin and shatters for extra damage.
The goblin blinks!
The adder bites you.
You die...

#.# #. #.# #.#
#.# ##.####.##
##...##...##
##......#.#.###
##.......#.....#
#.........##.#.#
#...<.......##@#
#.........####S#
#........## #g#
#.#.....## #g#
#.##...## ...#
## #.###### ....
....# #)# ##>###
..#.# #.# ...#
#.#.#### #.#
####..####
#.#....


You could see an adder, a hobgoblin and a goblin.

Vanquished Creatures
  Robin (D:2)
  A dart slug (D:1)
  2 endoplasms (D:1)
  2 giant cockroaches (D:1)
  9 goblins
  3 hobgoblins
  A quokka (D:1)
  2 bats (D:1)
  A kobold (D:1)
  A rat (D:1)
23 creatures vanquished.

Notes
Turn   | Place    | Note
-------+----------+-------------------------------------------
     0 | D:1      | BlueFish the Octopode Warper began the quest for the Orb.
     0 | D:1      | Reached XP level 1. HP: 14/14 MP: 3/3
   232 | D:1      | Reached skill level 1 in Stealth
   314 | D:1      | Reached XP level 2. HP: 19/19 MP: 5/5
   331 | D:1      | Learned a level 2 spell: Blink
   334 | D:1      | Learned a level 2 spell: Lesser Beckoning
   744 | D:2      | Noticed Robin
   842 | D:2      | Killed Robin
   843 | D:2      | Reached XP level 3. HP: 11/24 MP: 0/6
   859 | D:2      | HP: 1/24 [goblin/+0 dagger[Robin] (2)]
   861 | D:2      | Slain by an adder

Illustrated notes

Levels and vault maps discovered:
D:1:      tarquinn_simple_flora_water_c, layout_loops_ring
D:2:      layout_loops_ring, uniq_robin, uniq_terence
D:3:      layout_basic, mainiacjoe_overflow_surrounded_room,
          nicolae_concentric_dashed_squares_mild, kennysheep_generic_room_5

Skill      XL: |  1  2 |
---------------+-------+-----
Stealth        | 1 2 |  2.1
Fighting       | |  2.2
Maces & Flails | |  2.0
Staves         | |  0.7
Throwing       | |  1.2
Dodging        | |  2.5
Spellcasting   | |  2.2
Translocations | |  3.1

Action                     || total
---------------------------++-------
  Melee: Mace              ||     5
         Quarterstaff      ||    43
         Constrict         ||    12
         Tentacles         ||    11
  Throw: Boomerang         ||     2
   Cast: Lesser Beckoning  ||     1
    Use: Potion            ||     3
   Stab: Sleeping          ||     6
 Armour: Skin              ||     4
  Dodge: Dodged            ||    33

Table legend: (Time is in decaauts)
 A = Elapsed time spent in this place.
 B = Non-inter-level travel time spent in this place.
 C = Inter-level travel time spent in this place.
 D = Time resting spent in this place.
 E = Time spent auto-exploring this place.
 F = Levels seen in this place.
 G = Mean time per level.
                   A        B        C        D        E       F      G
               +--------+--------+--------+--------+--------+-----+--------+
         Total |    872 |    794 |     78 |      0 |    594 |   3 |  290.7 |
       Dungeon |    872 |    794 |     78 |      0 |    594 |   3 |  290.7 |
               +--------+--------+--------+--------+--------+-----+--------+

Top non-repeatable levels by time:
     D:1: 724 daAuts
     D:2: 83 daAuts
     D:3: 65 daAuts
